 Dungeon Crawl Stone Soup version 0.29-a0-553-g81b289dbe5 (webtiles) character file.

Game seed: 1018985550013525889

89 DocClef the Covert (level 4, -3/41 HPs)
             Began as a Gnoll Delver on June 6, 2022.
             Slain by an ogre
             ... wielding a +0 giant club
              (17 damage)
             ... on level 5 of the Dungeon.
             The game lasted 00:00:15 (69 turns).

DocClef the Covert (Gnoll Delver)                     Turns: 69, Time: 00:00:15

Health: -3/41      AC:  3    Str: 11    XL:     4   Next: 55%
Magic:  5/5        EV: 13    Int:  9    God:
Gold:   4          SH:  0    Dex: 16    Spells: 5/5 levels left

rFire   . . .      SeeInvis .   a - +0 short sword
rCold   . . .      Faith    .   (no shield)
rNeg    . . .      Spirit   .   b - +0 leather armour
rPois   .          Reflect  .   (no helmet)
rElec   .          Harm     .   (no cloak)
rCorr   .          Rampage  .   (no gloves)
Will    .....                   (no boots)
Stlth   ++++......              (no amulet)
HPRegen 0.13/turn               (no ring)
MPRegen 0.09/turn               (no ring)

@: no status effects
A: fangs 1, strong nose, distributed training
a: no special abilities


You were on level 5 of the Dungeon.
You visited 1 branch of the dungeon, and saw 1 of its levels.

You collected 4 gold pieces.

Inventory:

Hand Weapons
 a - a +0 short sword (weapon)
Armour
 b - a +0 leather armour (worn)
Wands
 g - a wand of digging (3)
Scrolls
 c - a scroll of fog
 d - a scroll of magic mapping
 e - a scroll of fear
Potions
 f - a potion of haste
 h - a potion of mutation {unknown}


   Skills:
 + Level 6.6 Fighting
 + Level 4.6 Short Blades
 + Level 1.2 Long Blades
 + Level 1.2 Axes
 + Level 1.2 Maces & Flails
 + Level 1.2 Polearms
 + Level 1.2 Staves
 + Level 1.2 Slings
 + Level 1.2 Bows
 + Level 1.2 Crossbows
 + Level 1.2 Throwing
 + Level 1.2 Armour
 + Level 4.6 Dodging
 + Level 9.6 Stealth
 + Level 1.2 Shields
 + Level 1.2 Unarmed Combat
 + Level 1.2 Spellcasting
 + Level 1.0 Conjurations
 + Level 1.0 Hexes
 + Level 1.0 Summonings
 + Level 1.0 Necromancy
 + Level 1.0 Translocations
 + Level 1.0 Transmutations
 + Level 1.0 Fire Magic
 + Level 1.0 Ice Magic
 + Level 1.0 Air Magic
 + Level 1.0 Earth Magic
 + Level 1.0 Poison Magic
 + Level 1.3 Invocations
 + Level 1.2 Evocations


You had 5 spell levels left.
You didn't know any spells.
Your spell library was empty.

Dungeon Overview and Level Annotations

Branches:
Dungeon (5/15)
 Temple: D:4-7

Altars:


Innate Abilities, Weirdness & Mutations

You have very sharp teeth.
Your uncanny sense of smell can sniff out nearby items.
Your experience applies equally to all skills.


Message History

Your Transmutations skill increases to level 1!
Your Fire Magic skill increases to level 1!
Your Ice Magic skill increases to level 1!
Your Air Magic skill increases to level 1!
Your Earth Magic skill increases to level 1!
Your Poison Magic skill increases to level 1!
Your Invocations skill increases to level 1!
Your Evocations skill increases to level 1!
You have reached level 2!
You have reached level 3!
Your experience leads to an increase in your attributes!
Increase (S)trength, (I)ntelligence, or (D)exterity?
You feel agile. x2
You have reached level 4!
You feel agile.
Magic restored.
An ogre comes into view. It is wielding a +0 giant club.
An ogre is nearby!
An ogre is nearby!
An ogre is nearby!
An ogre is nearby!
The ogre shouts!
The ogre misses you.
You hit the ogre. You bite the ogre, but do no damage.
The ogre is lightly wounded.
The ogre hits you with a +0 giant club!!
Ouch! That really hurt!
You are too injured to fight recklessly!
You hit the ogre. You punch the ogre.
The ogre is moderately wounded.
An iguana comes into view.
You hit the ogre. You bite the ogre.
The ogre is moderately wounded.
The ogre closely misses you.
You hit the ogre.
The ogre is heavily wounded.
You hit the ogre but do no damage.
The ogre is heavily wounded.
The ogre hits you with a +0 giant club!
You die...

### .. ∆ #. ∆ ##
##.## ###########.
...# ##...[.......
##.###..##......##
#..........######
#@##.##.##....
.......O.........###
###..l.....#######
#...#####... ∆ #...
####.# .... . ∆ ..#
.# ∆


You could see an ogre and an iguana.

Vanquished Creatures
  A black bear (D:5)
1 creature vanquished.

Notes
Turn   | Place    | Note
-------+----------+-------------------------------------------
     0 | D:5      | Reached skill level 9 in Stealth
     0 | D:5      | DocClef the Gnoll Delver began the quest for the Orb.
     0 | D:5      | Reached XP level 1. HP: 23/23 MP: 1/1
     8 | D:5      | Noticed a black bear
    15 | D:5      | Killed a black bear
    16 | D:5      | Reached skill level 1 in Long Blades
    16 | D:5      | Reached skill level 1 in Axes
    16 | D:5      | Reached skill level 1 in Maces & Flails
    16 | D:5      | Reached skill level 1 in Polearms
    16 | D:5      | Reached skill level 1 in Staves
    16 | D:5      | Reached skill level 1 in Slings
    16 | D:5      | Reached skill level 1 in Bows
    16 | D:5      | Reached skill level 1 in Crossbows
    16 | D:5      | Reached skill level 1 in Throwing
    16 | D:5      | Reached skill level 1 in Armour
    16 | D:5      | Reached skill level 1 in Shields
    16 | D:5      | Reached skill level 1 in Unarmed Combat
    16 | D:5      | Reached skill level 1 in Spellcasting
    16 | D:5      | Reached skill level 1 in Conjurations
    16 | D:5      | Reached skill level 1 in Hexes
    16 | D:5      | Reached skill level 1 in Summonings
    16 | D:5      | Reached skill level 1 in Necromancy
    16 | D:5      | Reached skill level 1 in Translocations
    16 | D:5      | Reached skill level 1 in Transmutations
    16 | D:5      | Reached skill level 1 in Fire Magic
    16 | D:5      | Reached skill level 1 in Ice Magic
    16 | D:5      | Reached skill level 1 in Air Magic
    16 | D:5      | Reached skill level 1 in Earth Magic
    16 | D:5      | Reached skill level 1 in Poison Magic
    16 | D:5      | Reached skill level 1 in Invocations
    16 | D:5      | Reached skill level 1 in Evocations
    16 | D:5      | Reached XP level 2. HP: 29/29 MP: 1/3
    16 | D:5      | Reached XP level 3. HP: 35/35 MP: 1/4
    16 | D:5      | Reached XP level 4. HP: 41/41 MP: 1/5
    63 | D:5      | Noticed an ogre
    69 | D:5      | Slain by an ogre

Illustrated notes

Levels and vault maps discovered:
D:5:      layout_rooms, kennysheep_orc_sif_temple, amcnicky_altar_gilded,
          uniq_eustachio

Skill      XL: |  1 |
---------------+----+-----
Stealth        | |  9.6
Long Blades    | 1 |  1.2
Axes           | 1 |  1.2
Maces & Flails | 1 |  1.2
Polearms       | 1 |  1.2
Staves         | 1 |  1.2
Slings         | 1 |  1.2
Bows           | 1 |  1.2
Crossbows      | 1 |  1.2
Throwing       | 1 |  1.2
Armour         | 1 |  1.2
Shields        | 1 |  1.2
Unarmed Combat | 1 |  1.2
Spellcasting   | 1 |  1.2
Conjurations   | 1 |  1.0
Hexes          | 1 |  1.0
Summonings     | 1 |  1.0
Necromancy     | 1 |  1.0
Translocations | 1 |  1.0
Transmutations | 1 |  1.0
Fire Magic     | 1 |  1.0
Ice Magic      | 1 |  1.0
Air Magic      | 1 |  1.0
Earth Magic    | 1 |  1.0
Poison Magic   | 1 |  1.0
Invocations    | 1 |  1.3
Evocations     | 1 |  1.2
Fighting       | |  6.6
Short Blades   | |  4.6
Dodging        | |  4.6

Action                   |  1- 3 |  4- 6 || total
-------------------------+-------+-------++-------
Melee: Short sword       |     1 |     5 ||     6
       Bite              |       |     2 ||     2
       Punch             |       |     1 ||     1
 Stab: Sleeping          |     1 |       ||     1
Dodge: Dodged            |       |     2 ||     2

Table legend: (Time is in decaauts)
 A = Elapsed time spent in this place.
 B = Non-inter-level travel time spent in this place.
 C = Inter-level travel time spent in this place.
 D = Time resting spent in this place.
 E = Time spent auto-exploring this place.
 F = Levels seen in this place.
 G = Mean time per level.
                   A        B        C        D        E       F      G
               +--------+--------+--------+--------+--------+-----+--------+
         Total |     68 |     68 |      0 |      0 |     52 |   1 |   68.0 |
       Dungeon |     68 |     68 |      0 |      0 |     52 |   1 |   68.0 |
               +--------+--------+--------+--------+--------+-----+--------+

Top non-repeatable levels by time:
     D:5: 68 daAuts
